 Dungeon Crawl Stone Soup version 0.22-a0-858-g985ef60 (webtiles) character file.

56 VLARC the Digger (level 3, -1/26 HPs)
             Began as a Ghoul Earth Elementalist on July 27, 2018.
             Slain by a gnoll
             ... wielding a +1 whip of freezing
              (11 damage)
             ... on level 2 of the Dungeon.
             The game lasted 00:02:49 (1061 turns).

VLARC the Digger (Ghoul Earth Elementalist)         Turns: 1061, Time: 00:02:51

Health: -1/26      AC:  2    Str: 11    XL:     3   Next: 95%
Magic:  1/6        EV: 12    Int: 11    God:
Gold:   16         SH:  0    Dex:  9    Spells: 6/7 levels left

rFire    . . .     SeeInvis .   e - +0 dagger
rCold    + . .     Gourm    .   (no shield)
rNeg     + + +     Faith    .   c - +0 robe
rPois    ∞         Spirit   .   (no helmet)
rElec    .         Reflect  .   (no cloak)
rCorr    .         Harm     .   (no gloves)
MR       .....                  (no boots)
Stlth    ++........             (no amulet)
HPRegen  0.00/turn              (no ring)
MPRegen  0.10/turn              (no ring)

@: very slightly contaminated, rotting
A: rotting body, claws 1, carnivore, cold resistance 1, negative energy
resistance 3, inhibited regeneration, torment resistance, unbreathing
a: no special abilities


You were on level 2 of the Dungeon.
You were not hungry.

You visited 1 branch of the dungeon, and saw 2 of its levels.

You collected 16 gold pieces.

Inventory:

Hand Weapons
 e - a +0 dagger (weapon)
Missiles
 b - 75 stones (quivered)
Armour
 c - a +0 robe (worn)
Scrolls
 g - a scroll of teleportation {unknown}
 h - a scroll of identify {unknown}
Potions
 a - a potion of heal wounds {unknown}
Comestibles
 d - 3 rations


   Skills:
 - Level 1.7 Dodging
 - Level 2.1 Stealth
 + Level 2.7 Spellcasting
   Level 0.8 Transmutations
 + Level 4.3 Earth Magic


You had 6 spell levels left.
You knew the following spells:

 Your Spells              Type           Power        Failure   Level  Hunger
a - Sandblast             Erth           ##....       4%          1    #......

Your spell library contained the following spells:

 Spells                   Type           Power        Failure   Level  Hunger
 Stone Arrow              Conj/Erth      #.....       32%         3    ###....
 Passwall                 Tmut/Erth      #.......     14%         2    ###....
 Lee's Rapid Deconstruct  Erth           ##........   77%         5    ######.
 Petrify                  Tmut/Erth      #.......     67%         4    #####..


Dungeon Overview and Level Annotations

Branches:
Dungeon (2/15)

Altars:


Innate Abilities, Weirdness & Mutations

Your body is rotting away.
You thrive on raw meat.
You are immune to poison.
You have sharp fingernails.
You are carnivorous and can eat meat at any time.
Your flesh is cold resistant. (rC+)
You are immune to negative energy. (rN+++)
You do not regenerate when monsters are visible.
You are immune to unholy pain and torment.
You can survive without breathing.


Message History

b - 76 stones
Casting: Sandblast (safe; 4% risk of failure)
Confirm with . or Enter, or press ? or * to list all spells.
Aiming: Sandblast (safe; 4% risk of failure)
Press: ? - help, Shift-Dir - straight line, f/p - gnoll
Aim: a gnoll, wielding a whip of freezing (moderately wounded)
The blast of sand hits the gnoll.
The gnoll is almost dead.
b - 75 stones The gnoll shouts!
Casting: Sandblast (safe; 4% risk of failure)
Confirm with . or Enter, or press ? or * to list all spells.
Aiming: Sandblast (safe; 4% risk of failure)
Press: ? - help, Shift-Dir - straight line, f/p - gnoll
Aim: a gnoll, wielding a whip of freezing (almost dead)
You miscast Sandblast.
You are very lightly contaminated with residual magic.
You feel earthy.
The gnoll hits you with a whip of freezing!
You die...

#.......#.# #.#
#.#####.#.###.###
.. #.........#
... #.#g###.#.###
.# #.#.#...#...#
#.#.#.#####.#
..#.#...#...#
###g##..#.###
##@#.....##
#######.).......#
.......<.#.....##
#######..##...##
#..##..##
#..##.## #..##.#
#.....# ....(.#


You could see 2 gnolls.

Vanquished Creatures
  2 gnolls (D:2)
  A dart slug (D:1)
  6 bats (D:1)
  3 giant cockroaches
  5 goblins (D:1)
  5 hobgoblins (D:1)
  A kobold (D:1)
  3 frilled lizards (D:1)
  7 rats
33 creatures vanquished.

Notes
Turn   | Place    | Note
-------+----------+-------------------------------------------
     0 | D:1      | VLARC the Ghoul Earth Elementalist began the quest for the Orb.
     0 | D:1      | Reached XP level 1. HP: 14/14 MP: 2/2
   175 | D:1      | Reached XP level 2. HP: 19/20 MP: 4/4
   474 | D:1      | Reached XP level 3. HP: 23/26 MP: 5/5
   603 | D:1      | Reached skill level 4 in Earth Magic
  1061 | D:2      | Slain by a gnoll

Vault maps used:
D:1:      dpeg_arrival_prison, minmay_misc_feat_tiny

Skill      XL: |  1  2  3 |
---------------+----------+-----
Spellcasting   | 2 |  2.7
Earth Magic    | 4 |  4.3
Dodging        | |  1.7
Stealth        | |  2.1
Transmutations | |  0.8

Action                   || total
-------------------------++-------
Melee: Unarmed           ||    41
       Dagger            ||    53
 Cast: Sandblast         ||    23
 Stab: Sleeping          ||     4
  Eat: Chunk             ||     8
Armor: Robe              ||    27
Dodge: Dodged            ||    79

Table legend:
 A = Spawn XP
 B = Non-spawn XP
 C = Spawn XP percentage of total XP
 D = Spawn monster count
 E = Non-spawn monster count
 F = Spawn count percentage of total count
 G = Total turns spent on level
                    A         B        C        D         E        F      G
               +---------+---------+-------+---------+---------+-------+---------
         Total |       0 |      80 |   0.0 |       0 |      33 |   0.0 |  1061
               +---------+---------+-------+---------+---------+-------+---------
           D:1 |       0 |      48 |   0.0 |       0 |      29 |   0.0 |   982
           D:2 |       0 |      32 |   0.0 |       0 |       4 |   0.0 |    79
               +---------+---------+-------+---------+---------+-------+---------
